 Dungeon Crawl Stone Soup version 0.18-a0-1035-g72c9994 (webtiles) character file.

8649 4thArraOfDagon the Severer (level 11, -1/151 HPs)
             Began as a Hill Orc Berserker on Jan 9, 2016.
             Was an Elder of Trog.
             Slain by a slime creature (4 damage)
             ... on level 13 of the Dungeon.
             The game lasted 00:18:42 (3497 turns).

4thArraOfDagon the Severer (Hill Orc Berserker)     Turns: 3497, Time: 00:18:42

Health: -1/151     AC: 24    Str: 29    XL:     11   Next: 34%
Magic:  20/20      EV:  6    Int:  8    God:    Trog [****..]
Gold:   389        SH:  0    Dex: 10    Spells: 0 memorised, 10 levels left

rFire  + . .     SeeInvis +     D - +0 battleaxe
rCold  + + .     Gourm    .     A - +0 gold dragon armour
rNeg   . . .     Faith    .     (shield currently unavailable)
rPois  +         Spirit   .     (no helmet)
rElec  .         Dismiss  .     h - +2 cloak
rCorr  .         Reflect  .     x - +2 pair of gloves {Str+3}
SustAt .         Harm     .     (no boots)
MR     .....                    (no amulet)
Stlth  ..........               J - ring of magical power
                                u - ring of protection from cold

@: berserking, slowed, not resistant to hostile enchantments, extremely
unstealthy
A: hooves 1, see invisible, dopey 1
a: Berserk, Trog's Hand, Brothers in Arms, Burn Spellbooks, Renounce Religion


You were on level 13 of the Dungeon.
You worshipped Trog.
Trog was greatly pleased with you.
You were hungry.

You visited 1 branch of the dungeon, and saw 14 of its levels.
You also visited: Bailey.

You collected 506 gold pieces.
You spent 117 gold pieces at shops.

Inventory:

Hand Weapons
 a - a +0 hand axe
 s - a +0 blowgun
 D - a +0 battleaxe (weapon)
 N - a +0 war axe of chopping
Missiles
 e - 4 needles of confusion
 f - 7 javelins (quivered)
 t - 45 poisoned needles
 O - a throwing net
Armour
 h - a +2 cloak (worn)
 x - a +2 pair of gloves of strength (worn)
 A - a +0 gold dragon armour (worn)
Jewellery
 b - an uncursed ring of see invisible
 u - a ring of protection from cold (left hand)
 J - a ring of magical power (right hand)
Wands
 g - a wand of teleportation (6/9)
 k - a wand of disintegration (16/24)
 w - a wand of flame (5/48)
 z - a wand of disintegration (3/24)
 M - a wand of digging (7/24)
 S - a wand of frost (28/48)
Scrolls
 d - a scroll of teleportation
 i - 2 scrolls of enchant armour {unknown}
 o - 4 scrolls of remove curse
 y - a scroll of holy word {unknown}
 B - a scroll of torment {unknown}
 C - 2 scrolls of fog {unknown}
 I - a scroll of noise {unknown}
Potions
 j - a potion of heal wounds {unknown}
 n - 7 potions of curing
 q - a potion of cure mutation {unknown}
 E - a potion of haste
 H - a potion of lignification {unknown}
 K - 2 potions of agility {unknown}
Books
 p - a book of Necromancy

   Spells                             Type                      Level
   a - Pain                           Necromancy                   1
   b - Animate Skeleton               Necromancy                   1
   c - Vampiric Draining              Necromancy                   3
   d - Regeneration                   Charms/Necromancy            3
   e - Animate Dead                   Necromancy                   4
   f - Control Undead                 Necromancy                   4
   Trog disapproves of the use of such an item.
 v - the Guide on Creative Sinister Secrets
   (You found it in a bailey)

   Spells                             Type                      Level
   a - Animate Skeleton               Necromancy                   1
   b - Corpse Rot                     Necromancy                   2
   c - Regeneration                   Charms/Necromancy            3
   d - Summon Ice Beast               Ice/Summoning                4
   e - Animate Dead                   Necromancy                   4
   f - Summon Mana Viper              Hexes/Summoning              5
   Trog disapproves of the use of such an item.
Miscellaneous
 Q - a plain deck of summoning
Comestibles
 c - 6 bread rations
 r - 5 beef jerkies
 F - 3 chunks of flesh
 G - 3 meat rations
 P - a slice of pizza


   Skills:
 + Level 10.9 Fighting
 * Level 15.5 Axes
 + Level 9.6 Armour
 - Level 1.5 Dodging


You had 10 spell levels left.
You didn't know any spells.

Dungeon Overview and Level Annotations

Branches:
Dungeon (14/15)
 Temple: D:4-7         Lair: D:8-11         Orc: D:9-12      Vaults: D:13-14

Altars:
Elyvilon
Gozag
Kikubaaqudgha
Makhleb
Nemelex Xobeh
Trog

Shops:
D:5 *!!


Innate Abilities, Weirdness & Mutations

You have large cloven feet.
You have supernaturally acute eyesight.
You are dopey. (Int -2)


Message History

The slime creature is severely wounded.
You slice the gargoyle!!
The gargoyle is almost destroyed.
The very large slime creature hits you!!!
* * * LOW HITPOINT WARNING * * *
The slime creature hits you.
* * * LOW HITPOINT WARNING * * *
The wraith hits you but does no damage.
The gargoyle hits you with an enchanted flail!
* * * LOW HITPOINT WARNING * * *
You slice the very large slime creature!!
The very large slime creature is moderately wounded.
You hit the gargoyle but do no damage.
The gargoyle is almost destroyed.
You slash the slime creature!
The slime creature is almost dead.
You hit the wraith but do no damage.
The wraith is moderately damaged.
The slime creature hits you.
You die...

#........#
#........+
#$.......#
#........#
#........#
#........#
#...JW...#
#..9@J...#
####'#####
#.# #.#
#.# #.#
#.# #.#
#.#


You could see a very large slime creature, a slime creature, a wraith and a
gargoyle.

Vanquished Creatures
  Urug (D:12)
  A wizard (D:13)
  A hill giant (D:11)
  An orc knight (Bailey)
  3 ugly things (D:13)
  2 cyclopes
  A black mamba (shapeshifter) (D:14)
  A troll (D:13)
  A hippogriff (D:12)
  A hungry ghost (D:8)
  2 orc warriors (D:6)
  4 ice beasts
  A phantom (D:7)
  2 ogres
  4 centaurs
  6 giant frogs
  A big kobold (D:8)
  A wyvern zombie (D:12)
  A wyvern skeleton (D:12)
  3 killer bees (D:8)
  4 wights
  A crimson imp (D:8)
  A hound (D:2)
  2 jellies
  2 giant frog skeletons
  7 orc priests
  7 orc wizards
  4 centaur skeletons
  An iguana (D:13)
  2 worker ants
  5 sheep
  A hound zombie (D:5)
  A worker ant zombie (D:6)
  5 gnolls
  7 adders
  2 shadow imps
  2 adder skeletons
  An adder zombie (D:7)
  3 worms
  A giant gecko (D:4)
  36 orcs
  3 bats
  A giant cockroach (D:3)
  5 goblins
  2 hobgoblins
  10 jackals
  10 kobolds
  2 quokkas
  A giant gecko skeleton (D:3)
  4 giant newts
  A quokka zombie (D:8)
  5 rats
177 creatures vanquished.

Notes
Turn   | Place    | Note
--------------------------------------------------------------
     0 | D:1      | 4thArraOfDagon the Hill Orc Berserker began the quest for the Orb.
     0 | D:1      | Reached XP level 1. HP: 19/19 MP: 1/1
    10 | D:2      | Found a burning altar of Makhleb.
    10 | D:2      | Noticed a hound
    17 | D:2      | Killed a hound
    17 | D:2      | Reached skill level 5 in Axes
    17 | D:2      | Reached XP level 2. HP: 27/27 MP: 2/2
    17 | D:2      | Reached XP level 3. HP: 33/33 MP: 3/3
   199 | D:3      | Reached ** piety under Trog
   199 | D:3      | Reached XP level 4. HP: 25/40 MP: 4/4
   217 | D:3      | jacquesderrida: deng
   254 | D:3      | 4thArraOfDagon: cant kill anything without zerk
   282 | D:4      | see
   335 | D:4      | now i can kill orcs
   340 | D:4      | Gained mutation: You are dopey. (Int -2) [potion of mutation]
   340 | D:4      | Gained mutation: You have supernaturally acute eyesight. [potion of mutation]
   340 | D:4      | Gained mutation: You have large cloven feet. [potion of mutation]
   371 | D:4      | now i can kill aders
   544 | D:5      | Entered Level 5 of the Dungeon
   552 | D:5      | Reached skill level 6 in Axes
   567 | D:4      | Reached XP level 5. HP: 24/47 MP: 5/5
   862 | D:5      | Noticed a moth of wrath
   865 | D:5      | Found a bloodstained altar of Trog.
   888 | D:5      | Got a smoking robe
   920 | D:5      | Found Pyitorun's Distillery.
   935 | D:5      | Reached skill level 5 in Fighting
   935 | D:5      | Reached XP level 6. HP: 53/56 MP: 6/6
   953 | D:5      | Found an opulent altar of Gozag.
   995 | D:5      | Found Yvyo's Distillery.
  1022 | D:5      | Reached skill level 7 in Axes
  1025 | D:5      | Found Unleijups's Assorted Antiques.
  1046 | D:5      | jacquesderrida: shopper
  1050 | D:5      | Bought a sedimented orange potion for 22 gold pieces
  1050 | D:5      | Bought a scroll labeled UNLABR GIURIXT for 25 gold pieces
  1050 | D:5      | Bought a scroll labeled ZAKUMEIZUZ for 25 gold pieces
  1060 | D:5      | jacquesderrida: scralls
  1079 | D:5      | jacquesderrida: scrall of thang
  1105 | D:5      | jacquesderrida: Okawairement included
  1153 | D:5      | temple??
  1190 | D:5      | Bought a potion of curing for 45 gold pieces
  1211 | D:6      | Reached XP level 7. HP: 62/62 MP: 7/7
  1253 | D:5      | Reached *** piety under Trog
  1253 | D:5      | Reached skill level 8 in Axes
  1344 | D:6      | Reached skill level 9 in Axes
  1344 | D:6      | Reached skill level 5 in Armour
  1344 | D:6      | Reached XP level 8. HP: 67/71 MP: 8/8
  1526 | D:7      | Reached skill level 10 in Axes
  1659 | D:7      | Reached skill level 11 in Axes
  1659 | D:7      | Reached XP level 9. HP: 80/80 MP: 9/9
  2076 | D:8      | Found a white marble altar of Elyvilon.
  2076 | D:8      | Found an ancient bone altar of Kikubaaqudgha.
  2179 | D:8      | Reached **** piety under Trog
  2188 | D:8      | Reached skill level 12 in Axes
  2321 | D:10     | Entered Level 10 of the Dungeon
  2412 | D:12     | Noticed Urug
  2421 | D:12     | Killed Urug
  2421 | D:12     | Reached skill level 13 in Axes
  2421 | D:12     | Reached XP level 10. HP: 86/91 MP: 10/10
  2544 | D:12     | Found a flagged portal.
  2544 | D:12     | Noticed a cyclops
  2554 | D:12     | Killed a cyclops
  2565 | Bailey   | Entered a bailey
  2670 | Bailey   | Noticed an orc knight
  2730 | Bailey   | Noticed an orc knight
  2731 | Bailey   | Noticed an orc knight
  2756 | Bailey   | Killed an orc knight
  2772 | Bailey   | emiel: this layout always has pretty good loot
  2772 | Bailey   | emiel: compared to most baileys
  2772 | Bailey   | emiel: in my experience
  2817 | Bailey   | Identified the Guide on Creative Sinister Secrets
  3040 | D:11     | Noticed a hill giant
  3049 | D:11     | Killed a hill giant
  3049 | D:11     | Reached skill level 10 in Fighting
  3049 | D:11     | Reached skill level 14 in Axes
  3159 | D:13     | Noticed a wizard
  3160 | D:13     | Noticed a white ugly thing
  3161 | D:13     | Noticed a red ugly thing
  3168 | D:13     | Killed a wizard
  3175 | D:13     | Killed a white ugly thing
  3175 | D:13     | Reached XP level 11. HP: 46/101 MP: 11/11
  3177 | D:13     | Killed a red ugly thing
  3177 | D:13     | Reached skill level 15 in Axes
  3247 | D:13     | Found a sparkling altar of Nemelex Xobeh.
  3248 | D:13     | Noticed a cyclops
  3255 | D:13     | Killed a cyclops
  3373 | D:13     | Noticed a cyan ugly thing
  3384 | D:13     | Killed a cyan ugly thing
  3496 | D:13     | HP: 2/151 [gargoyle/enchanted flail (14)]
  3497 | D:13     | Slain by a slime creature

Vault maps used:
D:1:      dpeg_arrival_pits
D:2:      makhleb_heckhound_becter, cheibriados_altar_wand_db
D:3:      first_bread
D:4:      lemuel_coloured_pillars_altar, temple_fountains, lemuel_blue_sif_altar
D:5:      kennysheep_steamy, kennysheep_mini, tgw_trog, serial_shops, shop,
          shop_coins, nicolae_shop_overgrown_old_shop
D:6:      serial_shops, nicolae_shop_statue_plus, fedhas_altar_2
D:7:      minmay_misc_feat_x, grunt_livestock
D:8:      gammafunk_temple_overflow_wave
D:9:      xom_shifter_show, serial_shops, nicolae_shop_crystal
D:10:     special_room
D:11:     lair_0_dummy, hiddenorc1_lemuel
D:12:     enter_bailey_7, serial_shops, shop, uniq_urug
D:13:     dk_noncrumbling_3, spider_trap, minmay_crystal_room, nemelex_deck
D:14:     grunt_vaults_entry_tiered, kennysheep_cluttered_room
Bailey:   bailey_polearm_1, bailey

Action                   |  1- 3 |  4- 6 |  7- 9 | 10-12 || total
-------------------------+-------+-------+-------+-------++-------
Melee: Hand axe          |    44 |   182 |    41 |       ||   267
       Battleaxe         |       |       |   164 |   184 ||   348
Invok: Berserk           |     3 |     5 |     8 |     8 ||    24
       Trog's Hand       |       |     4 |     4 |     8 ||    16
  Use: Scroll            |       |     3 |     3 |     6 ||    12
       Potion            |       |     1 |     1 |     1 ||     3
  Eat: Chunk             |       |     8 |    15 |     9 ||    32
       Beef jerky        |       |     1 |       |     1 ||     2
       Fruit             |       |       |       |     3 ||     3
